 Dungeon Crawl Stone Soup version 0.31.0-7-gf635a9b802 (webtiles) character file.

Game seed: 12962461548807010222

32 Yore the Trooper (level 3, -4/24 HPs)
             Began as a Gargoyle Fighter on Jan 24, 2024.
             Killed by nerve-wracking pain
             ... invoked by Jessica
              (7 damage)
             ... on level 2 of the Dungeon.
             The game lasted 00:01:41 (1137 turns).

Yore the Trooper (Gargoyle Fighter)                 Turns: 1137, Time: 00:01:42

Health: -4/24      AC: 10    Str: 23    XL:     3   Next: 27%
Magic:  3/3        EV:  9    Int:  7    God:
Gold:   49         SH:  4    Dex: 10    Spells: 2/2 levels left

rFire   + . .        a - +0 flail
rCold   + . .        c - +0 buckler
rNeg    + . .        b - +0 scale mail
rPois   ∞            (no helmet)
rElec   +            (no cloak)
rCorr   +            (no gloves)
SInv    .            (no boots)
Will    .....        (no amulet) Stlth
                     h - ring of wizardry
HPRegen 0.00/turn    (no ring)
MPRegen 0.08/turn

%: wizardry (x1)
@: resistant, on berserk cooldown, inhibited regen, slowed, very slow
A: sickness immunity, AC +3, negative energy resistance 1, electricity
resistance, torment resistance 1, petrification resistance, hooves 1, high MP 1,
inhibited regeneration, strong 1
a: no special abilities


You were on level 2 of the Dungeon.
You visited 1 branch of the dungeon, and saw 2 of its levels.

You collected 49 gold pieces.

Inventory:

Hand Weapons
 a - a +0 flail (weapon)
Missiles
 i - 2 boomerangs (quivered)
Armour
 b - a +0 scale mail (worn)
 c - a +0 buckler (worn)
Jewellery
 h - a ring of wizardry (left hand)
Scrolls
 e - 2 scrolls of vulnerability {unknown}
 f - 5 scrolls of identify {unknown}
 k - a scroll of poison {unknown}
Potions
 d - a potion of might


   Skills:
 * Level 3.8 Fighting
 * Level 2.6 Maces & Flails
 + Level 3.5 Armour
 + Level 3.5 Shields


You had 2 spell levels left.
You didn't know any spells.
Your spell library contained the following spells:

 Spells                   Type           Power      Damage    Failure   Level
 Call Imp                 Summ           0%         N/A       61%         2
 Summon Hydra             Summ           0%         N/A       100%        7
 Sublimation of Blood     Necr           Unusable   N/A       N/A         2

Dungeon Overview and Level Annotations

Branches:
Dungeon (2/15)

Altars:

Annotations:
D:2 Jessica


Innate Abilities, Weirdness & Mutations

You are immune to sickness and miasma.
Your stone body is resilient. (AC +3)
You are immune to poison.
You resist negative energy. (rN+)
You are resistant to electric shocks. (rElec)
You are resistant to unholy torment.
You are immune to petrification.
You have large cloven feet.
You have an increased reservoir of magic. (+10% MP)
You do not regenerate when monsters are visible.
Your muscles are strong. (Str +4, Int/Dex -1)


Message History

You feel protected.
You feel yourself speed up. Jessica casts a spell at you.
You feel yourself slow down. Jessica hits you but does no damage.
Jessica casts a spell at you. Pain shoots through your body!
* * * LOW HITPOINT WARNING * * *
It was a potion of berserk rage.
A red film seems to cover your vision as you go berserk!
You feel yourself moving faster!
You feel mighty!
Jessica casts a spell.
Jessica blinks!
You feel a strong urge to attack something.
Jessica gestures wildly while chanting.
Jessica blinks!
You feel your anger nearly subside.
You are no longer berserk.
You are exhausted.
You feel as though you will be slow longer.
Jessica hits you but does no damage.
You barely miss Jessica.
Jessica is severely wounded.
Jessica casts a spell at you.
You barely resist.
Jessica mumbles some strange words.
Jessica blinks!
It was a potion of curing.
You feel better. Jessica gestures at you while chanting.
Pain shoots through your body!
* * * LOW HITPOINT WARNING * * *
Jessica hits you but does no damage. Jessica gestures at you while chanting.
Pain shoots through your body!
* * * LOW HITPOINT WARNING * * *
You hit Jessica.
Jessica is almost dead.
Jessica hits you with a +0 dagger.
* * * LOW HITPOINT WARNING * * *
You block Jessica's attack. Jessica gestures at you while chanting.
Pain shoots through your body!
You die...

..#
#..#.#####.####.##
...#### .).
................
#..
)..........#######
#. #.#####.# # #.#
#.#### #....##
#.##..######
#.@@.......#
#...##♣+♣##?....
^....♣♣# ... ####.
. #. #.


You could see Jessica (fast).

Vanquished Creatures
  An adder (D:2)
  2 bats (D:2)
  An endoplasm (D:2)
  A giant cockroach (D:1)
  A goblin (D:2)
  6 hobgoblins
  A quokka (D:1)
  A ball python (D:1)
  2 frilled lizards
  3 kobolds
  2 rats
21 creatures vanquished.

Notes
Turn   | Place    | Note
-------+----------+-------------------------------------------
     0 | D:1      | Yore the Gargoyle Fighter began the quest for the Orb.
     0 | D:1      | Reached XP level 1. HP: 14/14 MP: 1/1
   393 | D:1      | Reached XP level 2. HP: 19/19 MP: 2/2
   936 | D:2      | Reached XP level 3. HP: 24/24 MP: 3/3
  1117 | D:2      | Noticed Jessica
  1128 | D:2      | Gained mutation: You do not regenerate when monsters are
                  | visible. [potion of mutation]
  1128 | D:2      | Gained mutation: You have large cloven feet. [potion of
                  | mutation]
  1128 | D:2      | Gained mutation: You have an increased reservoir of magic.
                  | (+10% MP) [potion of mutation]
  1128 | D:2      | Gained mutation: Your muscles are strong. (Str +4, Int/Dex
                  | -1) [potion of mutation]
  1137 | D:2      | Killed from afar by Jessica

Illustrated notes

Levels and vault maps discovered:
D:1:      minmay_arrival_arboretum_small, layout_loops_corners, minmay_3d_cube
D:2:      layout_loops_ring, dilly_ecumenical_altar_fadedgnrine, basic_altar,
          minmay_door_square, uniq_jessica

Action                     || total
---------------------------++-------
  Melee: Flail             ||    83
  Throw: Boomerang         ||     1
    Use: Potion            ||     4
 Armour: Scale mail        ||    79
  Dodge: Dodged            ||    32
  Block: Buckler           ||    20
